 Dungeon Crawl Stone Soup version 0.27-a0-1036-g8e1b44f6bd (webtiles) character file.

Game seed: 9324294329753695599

24 spiderkeys the Skirmisher (level 2, 0/24 HPs)
             Began as a Demonspawn Abyssal Knight on Apr 18, 2021.
             Was a Follower of Lugonu.
             Succumbed to an adder's poison
             ... on level 2 of the Dungeon.
             The game lasted 00:02:21 (1394 turns).

spiderkeys the Skirmisher (DsAK)                    Turns: 1394, Time: 00:02:22

Health: 0/24       AC:  4    Str: 12    XL:     2   Next: 79%
Magic:  4/4        EV: 11    Int: 13    God:    Lugonu [*.....]
Gold:   152        SH:  0    Dex: 12    Spells: 1/1 levels left

rFire    . . .     SeeInvis .   a - +1 spear
rCold    . . .     Faith    .   (no shield)
rNeg     . . .     Spirit   .   b - +1 leather armour
rPois    .         Reflect  .   (no helmet)
rElec    .         Harm     .   (no cloak)
rCorr    .         Rampage  .   (no gloves)
Will     .....                  (no boots)
Stlth    +.........             (no amulet)
HPRegen  0.08/turn              (no ring)
MPRegen  0.09/turn              (no ring)

@: lethally poisoned (0 -> -6)
A: claws 1
a: Renounce Religion, Depart the Abyss


You were on level 2 of the Dungeon.
You worshipped Lugonu.
Lugonu was aware of your devotion.
You visited 1 branch of the dungeon, and saw 2 of its levels.
You visited the Abyss 1 time.

You collected 152 gold pieces.


Innate Abilities, Weirdness & Mutations

You have sharp fingernails.


   Skills:
 + Level 3.2 Fighting
 * Level 2.3 Polearms
 + Level 2.1 Armour
 - Level 1.0 Dodging
 + Level 2.9 Invocations


You had one spell level left.
You didn't know any spells.
Your spell library was empty.

Inventory:

Hand Weapons
 a - a +1 spear (weapon)
Missiles
 d - 38 bolts
 f - 20 stones
 h - 4 javelins
Armour
 b - a +1 leather armour (worn)
Jewellery
 F - a ring of protection from fire
   (You found it on level 2 of the Abyss)
Wands
 c - a wand of charming (2)
   (You found it on level 2 of the Abyss)
Scrolls
 g - 2 scrolls of teleportation {@r4}
Potions
 e - 2 potions of heal wounds {unknown}
 i - a potion of magic {unknown}

Dungeon Overview and Level Annotations

Branches:
Dungeon (2/15)

Altars:

#.................
#..........#####
#..........<...#
#####>)#.#####.# .
#..#.#####.#
...###..#.......#
........>........#
....###..#.#####.#
.......@.#.....#.#
......S..#.......#
.........#.....###
.........#.......#
....###..#.......#
#### #..#.......#
#$.#.....#.#
...#.......#
#.#######


You could see an adder.


Message History

The dart slug bites you but does no damage.
You hit the dart slug. The dart slug bites you. 😮 HP[-3]
You take 3 damage, and now have 14/24 hp.
You hit the dart slug. The dart slug launches a dart at you.
The slug dart hits you.
* * * LOW HITPOINT WARNING * * *
😨 HP[-2]
You take 2 damage, and now have 12/24 hp.
You hit the dart slug but do no damage. The kobold hits you but does no damage.
You hit the dart slug. The kobold hits you with a +0 whip.
* * * LOW HITPOINT WARNING * * *
The dart slug bites you but does no damage. 😱 HP[-6]
You take 6 damage, and now have 6/24 hp.
MASSIVE DAMAGE!! (PAUSE)
You puncture the dart slug!
You kill the dart slug!
Lugonu accepts your kill. The goblin misses you.
The kobold hits you but does no damage. 😨 HP[+1]
The goblin closely misses you. The kobold barely misses you.
You hit the kobold.
You kill the kobold!
Lugonu accepts your kill. The goblin barely misses you. The goblin misses you.
You see here a +0 whip.
You hit the goblin.
You kill the goblin!
Lugonu accepts your kill.
There is an escape hatch in the floor here.
You see here a +0 club.
You aren't in the Abyss!
You aren't in the Abyss!
You aren't in the Abyss!
You aren't in the Abyss!
Key pressed, stopping explore.
Key pressed, stopping explore.
Key pressed, stopping explore.
Key pressed, stopping explore.
An adder comes into view.
The adder moves out of view. 😎 HP[+17]
Your hp is fully restored (24).
There is a stone staircase leading down here.
The adder hisses angrily.
An adder is nearby!
You hit the adder. The adder bites you.
You are poisoned.
The adder poisons you! 😕 HP[-5]
You take 5 damage, and now have 19/24 hp.
MASSIVE DAMAGE!! (PAUSE)
You closely miss the adder.
You feel sick. The adder bites you.
You are more poisoned.
The adder poisons you! 😮 HP[-3]
You take 3 damage, and now have 16/24 hp.
You are too injured to fight recklessly!
Unknown command.
You are too injured to fight recklessly!
You closely miss the adder.
You feel sick. The adder barely misses you. The adder bites you.
* * * LOW HITPOINT WARNING * * *
😨 HP[-5]
You take 5 damage, and now have 11/24 hp.
MASSIVE DAMAGE!! (PAUSE)
You closely miss the adder.
You feel sick.
The adder bites you but does no damage. 😨 HP[-1]
You take 1 damage, and now have 10/24 hp.
You barely miss the adder.
You feel sick. The adder bites you.
* * * LOW HITPOINT WARNING * * *
😨 HP[-3]
You take 3 damage, and now have 7/24 hp.
You closely miss the adder.
You feel sick. The adder closely misses you. 😱 HP[-1]
You take 1 damage, and now have 6/24 hp.
You hit the adder but do no damage.
You feel sick. The adder barely misses you.
The adder bites you but does no damage. 😱 HP[-1]
You take 1 damage, and now have 5/24 hp.
You hit the adder.
You feel sick. The adder misses you. 😱 HP[-1]
You take 1 damage, and now have 4/24 hp.
You hit the adder.
You feel sick.
You are no longer poisoned.
The adder closely misses you. 😱 HP[-1]
You take 1 damage, and now have 3/24 hp.
You closely miss the adder. The adder bites you.
* * * LOW HITPOINT WARNING * * *
You are lethally poisoned!
The adder poisons you! 😱 HP[-1]
You take 1 damage, and now have 2/24 hp.
You barely miss the adder.
You die...

Skill      XL: |  1  2 |
---------------+-------+-----
Dodging        | 1 |  1.0
Polearms       | 2 |  2.3
Armour         | 2 |  2.1
Fighting       | |  3.2
Invocations    | |  2.9

Action                   || total
-------------------------++-------
Melee: Spear             ||    79
Invok: Depart the Abyss  ||     1
  Use: Scroll            ||     3
Armor: Leather armour    ||    35
Dodge: Dodged            ||    39

Levels and vault maps discovered:
D:1:      saegor_arrival_simple_b, layout_basic,
          hellmonk_ecumenical_altar_leap_of_faith
D:2:      layout_basic

Notes
Turn   | Place    | Note
-------+----------+-------------------------------------------
     0 | Abyss:1  | spiderkeys the Demonspawn Abyssal Knight began the quest
                  | for the Orb.
     0 | Abyss:1  | Reached XP level 1. HP: 18/18 MP: 2/2
     0 | Abyss:1  | magus.rc [v1.9.10]
    54 | Abyss:2  | Found a corrupted altar of Lugonu.
   101 | Abyss:3  | Noticed a chaos spawn
   136 | Abyss:4  | Noticed a small abomination
   145 | Abyss:4  | Noticed a wraith
   157 | Abyss:4  | Noticed a thrashing horror
   157 | Abyss:4  | Noticed a neqoxec
   158 | Abyss:4  | Noticed a bone dragon
   159 | D:1      | You pass through the gate.
   159 | D:1      | Escaped the Abyss
   464 | D:1      | Reached skill level 1 in Dodging
   468 | D:1      | Reached * piety under Lugonu
   600 | D:1      | Reached skill level 2 in Polearms
   667 | D:1      | Gained mutation: You have sharp fingernails. [demonic
                  | ancestry]
   667 | D:1      | Reached XP level 2. HP: 15/24 MP: 3/3
   821 | D:1      | Reached skill level 2 in Armour
   862 | D:1      | Found a faded altar of an unknown god.
  1154 | D:2      | HP: 6/24 [kobold/+0 whip (6)]
  1389 | D:2      | HP: 6/24 [poisoned by an adder]
  1393 | D:2      | HP: 2/24 [adder (2)]
  1394 | D:2      | Succumbed to an adder's poison

Vanquished Creatures
  A dart slug (D:2)
  5 bats (D:1)
  2 endoplasms
  5 giant cockroaches (D:1)
  A goblin (D:2)
  A hobgoblin (D:1)
  2 kobolds
  A quokka (D:1)
  A rat (D:1)
19 creatures vanquished.

Table legend:
 A = Non-vault XP
 B = Vault XP
 C = Vault XP percentage of total XP
 D = Non-vault monster count
 E = Vault monster count
 F = Vault count percentage of total count
                 A         B        C        D         E       F
            +---------+---------+-------+---------+---------+-------
      Total |      35 |       0 |   0.0 |      19 |       0 |   0.0
            +---------+---------+-------+---------+---------+-------
        D:1 |      25 |       0 |   0.0 |      15 |       0 |   0.0
        D:2 |      10 |       0 |   0.0 |       4 |       0 |   0.0
            +---------+---------+-------+---------+---------+-------

Illustrated notes

Table legend:
 A = Kills in this place as a percentage of kills in entire the game.
 B = Kills by you in this place as a percentage of kills by you in the entire game.
 C = Kills by friends in this place as a percentage of kills by friends in the entire game.
 D = Other kills in this place as a percentage of other kills in the entire game.
 E = Experience gained in this place as a percentage of experience gained in the entire game.
 F = Experience gained in this place divided by the number of levels of this place that you have seen.
                   A       B       C       D       E      F
               +-------+-------+-------+-------+-------+----------------------
         Total | 100.0 | 100.0 |   N/A |   N/A | 100.0 |   5.8
       Dungeon | 100.0 | 100.0 |   N/A |   N/A | 100.0 |  17.5
               +-------+-------+-------+-------+-------+----------------------

Table legend: (Time is in decaauts)
 A = Elapsed time spent in this place.
 B = Non-inter-level travel time spent in this place.
 C = Inter-level travel time spent in this place.
 D = Time resting spent in this place.
 E = Time spent auto-exploring this place.
 F = Levels seen in this place.
 G = Mean time per level.
                   A        B        C        D        E       F      G
               +--------+--------+--------+--------+--------+-----+--------+
         Total |   1392 |   1378 |     14 |      0 |   1088 |   6 |  232.0 |
       Dungeon |   1234 |   1220 |     14 |      0 |   1088 |   2 |  617.0 |
         Abyss |    158 |    158 |      0 |      0 |      0 |   4 |   39.5 |
               +--------+--------+--------+--------+--------+-----+--------+

Top non-repeatable levels by time:
     D:1: 978 daAuts
     D:2: 255 daAuts
 Abyss:2: 50 daAuts
 Abyss:4: 43 daAuts
 Abyss:3: 38 daAuts
 Abyss:1: 25 daAuts
